 Dungeon Crawl Stone Soup version 0.31-a0-1388-g4b2ba238e7 (webtiles) character file.

Game seed: 18351269537262886904

511 Laraso the Thaumaturge (level 6, 0/36 HPs)
             Began as a Deep Elf Cinder Acolyte on Dec 24, 2023.
             Was a High Priest of Ignis.
             Slain by Prince Ribbit (16 damage)
             ... on level 5 of the Dungeon.
             The game lasted 00:06:14 (4251 turns).

Laraso the Thaumaturge (Deep Elf Cinder Acolyte)    Turns: 4251, Time: 00:06:14

Health: 0/36       AC:  6    Str: 11    XL:     6   Next: 99%
Magic:  15/19      EV: 11    Int: 21    God:    Ignis [*****.]
Gold:   182        SH:  0    Dex: 10    Spells: 17/21 levels left

rFire   + . .        u - +2 hand axe (venom)
rCold   . . .        (no shield)
rNeg    . . .        b - +0 robe
rPois   .            r - +0 helmet
rElec   .            (no cloak)
rCorr   .            (no gloves)
SInv    .            q - +2 pair of boots
Will    .....        v - amulet of regeneration
Stlth   +            (no ring)
HPRegen 1.06/turn    (no ring)
MPRegen 0.16/turn

%: no passive effects
@: no status effects
A: no striking features
a: Renounce Religion, Fiery Armour, Foxfire Swarm, Rising Flame


You were on level 5 of the Dungeon.
You worshipped Ignis.
Ignis was extremely pleased with you.
You visited 1 branch of the dungeon, and saw 5 of its levels.

You collected 182 gold pieces.

Inventory:

Hand Weapons
 u - a +2 hand axe of venom (weapon)
Armour
 b - a +0 robe (worn)
 q - a +2 pair of boots (worn)
 r - a +0 helmet (worn)
Jewellery
 v - an amulet of regeneration (around neck)
Wands
 w - a wand of flame (10)
Scrolls
 f - a scroll of fog {unknown}
 g - 4 scrolls of teleportation
 h - 2 scrolls of blinking
 l - 3 scrolls of enchant armour
 o - a scroll of enchant weapon {unknown}
 p - 2 scrolls of silence {unknown}
 s - a scroll of revelation {unknown}
 t - a scroll of poison {unknown}
Potions
 a - 2 potions of lignification {unknown}
 c - 2 potions of brilliance
 d - 2 potions of curing
 e - a potion of mutation {unknown}
 i - a potion of heal wounds {unknown}
 j - 2 potions of attraction
 k - a potion of might {unknown}
 m - 2 potions of enlightenment {unknown}
 n - 2 potions of magic {unknown}


   Skills:
 - Level 2.4 Fighting
 - Level 3.0 Short Blades
 - Level 8.0 Spellcasting
 - Level 3.0 Translocations
 * Level 4.6 Fire Magic


You had 17 spell levels left.
You knew the following spells:

 Your Spells              Type           Power      Damage    Failure   Level
a - Scorch                Fire           54%        2d7       1%          2
b - Blink                 Tloc           42%        N/A       3%          2

Your spell library contained the following spells:

 Spells                   Type           Power      Damage    Failure   Level
 Lesser Beckoning         Tloc           42%        N/A       3%          2
 Momentum Strike          Conj/Tloc      28%        3d8       6%          2
 Kiss of Death            Conj/Necr      32%        2d7       8%          1
 Jinxbite                 Hex            16%        N/A       12%         2
 Confusing Touch          Hex            8%         N/A       24%         3
 Dispel Undead            Necr           8%         3d8       61%         4
 Yara's Violent Unravell  Hex/Alch       4%         3d4       91%         5
 Enfeeble                 Hex            4%         N/A       100%        7


Dungeon Overview and Level Annotations

Branches:
Dungeon (5/15)
 Temple: D:4-7

Altars:
Cheibriados
Hepliaklqana
Kikubaaqudgha
Makhleb
Qazlal
Trog
Xom
Zin
The Shining One

Annotations:
D:5 Prince Ribbit


Message History

The hound barks!
The orc wizard shouts!
The orc shouts!
You hear a shout!
Found 5 stones.
There is a stone staircase leading up here.
There are monsters nearby!
There are monsters nearby!
Flames lash the orc wizard.
The orc wizard is heavily wounded.
The orc wizard's fire resistance burns away.
The orc shouts!
An ufetubus comes into view.
The orc priest calls upon Beogh to heal the orc wizard.
The orc wizard is healed somewhat.
A white imp comes into view.
The orc wizard casts a spell.
The orc wizard flickers and vanishes!
Deactivating autopickup; reactivate with Ctrl-A.
You climb upwards.
Reactivating autopickup.
There is a stone staircase leading down here.
Flames lash the orc wizard.
The orc wizard is burned terribly!
The orc wizard is severely wounded.
The orc wizard hits you with a +0 dagger.
Flames lash the orc wizard.
The orc wizard is burned terribly!
You kill the orc wizard!
You can't see any susceptible monsters within range! (Use Z to cast anyway.)
You start resting.
Magic restored.
There is a stone staircase leading down here.
You climb downwards.
Prince Ribbit gives a loud, deep croak!
Found a scroll of identify and a silvery potion.
There is a stone staircase leading up here.
Flames lash Prince Ribbit.
Prince Ribbit is moderately wounded.
Prince Ribbit's fire resistance burns away.
Prince Ribbit hits you!
Flames lash Prince Ribbit.
Prince Ribbit is burned terribly!
Prince Ribbit is severely wounded.
Prince Ribbit hits you! x2
You die...

## .. .###.
.... ...# ..?
.... .. .... .#
..5. ##.#####.#
.... ......F@.#
...#
##.####........
...# ###..###.
...# #..# ####
#.# ... #.! .#


You could see Prince Ribbit (combustible).

Vanquished Creatures
  2 scorpions
  A bombardier beetle (D:4)
  4 orc priests (D:4)
  2 iguanas (D:4)
  An orc wizard (D:4)
  A gnoll (D:1)
  8 adders
  3 dart slugs
  3 orcs (D:4)
  11 ball pythons
  10 endoplasms
  2 giant cockroaches (D:2)
  2 goblins
  7 hobgoblins
  4 quokkas
  3 bats
  10 frilled lizards
  8 kobolds
  5 rats
87 creatures vanquished.

Notes
Turn   | Place    | Note
-------+----------+-------------------------------------------
     0 | D:1      | Laraso the Deep Elf Cinder Acolyte began the quest for the
                  | Orb.
     0 | D:1      | Reached XP level 1. HP: 13/13 MP: 5/5
   100 | D:1      | Reached skill level 2 in Spellcasting
   170 | D:1      | Reached XP level 2. HP: 16/18 MP: 7/7
   398 | D:2      | Learned a level 2 spell: Scorch
   402 | D:1      | Reached skill level 3 in Spellcasting
   621 | D:1      | Found a faded altar of an unknown god.
   824 | D:2      | Reached XP level 3. HP: 22/22 MP: 6/9
  1205 | D:2      | Reached skill level 4 in Spellcasting
  1341 | D:2      | Learned a level 2 spell: Blink
  1370 | D:2      | Reached XP level 4. HP: 27/27 MP: 7/12
  1424 | D:2      | Reached skill level 1 in Translocations
  2546 | D:3      | Noticed a scorpion
  2550 | D:3      | Killed a scorpion
  2551 | D:3      | Reached skill level 5 in Spellcasting
  2551 | D:3      | Reached XP level 5. HP: 31/31 MP: 8/14
  3256 | D:4      | Reached skill level 6 in Spellcasting
  3321 | D:4      | Reached XP level 6. HP: 36/36 MP: 7/17
  3590 | D:4      | Found a glowing silver altar of Zin.
  3592 | D:4      | Found a burning altar of Makhleb.
  3600 | D:4      | Found a snail-covered altar of Cheibriados.
  3601 | D:4      | Found a bloodstained altar of Trog.
  3601 | D:4      | Found a stormy altar of Qazlal.
  3601 | D:4      | Found a hazy altar of Hepliaklqana.
  3603 | D:4      | Found a shimmering altar of Xom.
  3604 | D:4      | Found an ancient bone altar of Kikubaaqudgha.
  3606 | D:4      | Found a glowing golden altar of the Shining One.
  3689 | D:4      | Reached skill level 7 in Spellcasting
  3960 | D:4      | Reached skill level 8 in Spellcasting
  4189 | D:5      | Entered Level 5 of the Dungeon
  4249 | D:5      | Noticed Prince Ribbit
  4251 | D:5      | Slain by Prince Ribbit

Illustrated notes

Levels and vault maps discovered:
D:1:      dpeg_arrival_long_road, layout_rooms,
          chequers_ecumenical_altar_simple_redux, minmay_lizard_pond
D:2:      minmay_razor_zed, layout_loops_ring
D:3:      layout_basic
D:4:      layout_rooms, minitemple, minmay_misc_feat_ornament
D:5:      layout_rooms, uniq_prince_ribbit1

Skill      XL: |  1  2  3  4  5  6 |
---------------+-------------------+-----
Spellcasting   | 2 3 4 5 6 8 |  8.0
Fire Magic     | 4 |  4.6
Translocations | 2 3 |  3.0
Fighting       | |  2.4
Short Blades   | |  3.0

Action                     |  1- 3 |  4- 6 || total
---------------------------+-------+-------++-------
  Melee: Short sword       |    41 |     9 ||    50
   Cast: Scorch            |    25 |    85 ||   110
 Invoke: Fiery Armour      |     1 |       ||     1
    Use: Scroll            |     2 |     4 ||     6
         Potion            |       |     3 ||     3
 Armour: Robe              |    24 |    17 ||    41
  Dodge: Dodged            |    22 |    11 ||    33

Table legend: (Time is in decaauts)
 A = Elapsed time spent in this place.
 B = Non-inter-level travel time spent in this place.
 C = Inter-level travel time spent in this place.
 D = Time resting spent in this place.
 E = Time spent auto-exploring this place.
 F = Levels seen in this place.
 G = Mean time per level.
                   A        B        C        D        E       F      G
               +--------+--------+--------+--------+--------+-----+--------+
         Total |   4244 |   4087 |    157 |    822 |   2618 |   5 |  848.8 |
       Dungeon |   4244 |   4087 |    157 |    822 |   2618 |   5 |  848.8 |
               +--------+--------+--------+--------+--------+-----+--------+

Top non-repeatable levels by time:
     D:2: 1478 daAuts
     D:3: 990 daAuts
     D:4: 975 daAuts
     D:1: 795 daAuts
     D:5: 4 daAuts
